[Event "Team 45 45 League T43"]
[Site "Internet Chess Club"]
[Date "2009.11.22"]
[Round "4"]
[White "orrgroup"]
[Black "SeniorCitizen"]
[Result "0-1"]
[WhiteElo "1380"]
[BlackElo "1288"]
[Opening "French: Steinitz attack"]
[ECO "C00"]
[Time "14:03:16"]
[TimeControl "2700+45"]

1. e4 e6 2. e5 d5 3. exd6 Bxd6 4. Bc4 Nf6 5. Nf3 b6 6. O-O Ba6 7. Qe2 Bxc4 8.
Qxc4 O-O 9. d4 Qc8 10. Re1 Qb7 11. b4 Qd5 12. Qd3 Re8 13. c4 Qc6 14. b5 Qb7 15.
Bg5 Nbd7 16. a4 a5 17. Nbd2 c6 18. Ne5 cxb5 19. cxb5 Qd5 20. Nc6 Qxg5 21. Nf3
Qg6 22. Qxg6 hxg6 23. Nfe5 Bxe5 24. dxe5 Nh7 25. Re4 f6 26. Ra3 Kf7 27. exf6
gxf6 28. Rh3 Ng5 {White resigns} 0-1

[Event "Team 45 45 League T43"]
[Site "Internet Chess Club"]
[Date "2009.11.19"]
[Round "4"]
[White "KingOfHearts"]
[Black "The-Capitalist"]
[Result "0-1"]
[WhiteElo "1261"]
[BlackElo "1351"]
[Opening "Caro-Kann: advance variation"]
[ECO "B12"]
[Time "21:00:18"]
[TimeControl "2700+45"]

1. e4 c6 2. d4 d5 3. e5 Bf5 4. Nf3 e6 5. Be2 c5 6. c4 Nc6 7. Be3 dxc4 8. Bxc4
cxd4 9. Nxd4 Qa5+ 10. Bd2 Qxe5+ 11. Be3 Rd8 12. O-O Bd6 13. f4 Qxe3+ 14. Rf2
Nxd4 15. Kf1 Nf6 16. Bb5+ Nxb5 17. Rd2 Qxf4+ 18. Kg1 Qxh2+ 19. Kf1 Qh1+ 20. Kf2
Ne4+ {White resigns} 0-1

[Event "Team 45 45 League T43"]
[Site "Internet Chess Club"]
[Date "2009.11.18"]
[Round "4"]
[White "Skylab"]
[Black "chips"]
[Result "1/2-1/2"]
[WhiteElo "1325"]
[BlackElo "1188"]
[Opening "Scandinavian (center counter) defense"]
[ECO "B01"]
[Time "15:04:34"]
[TimeControl "2700+45"]

1. e4 d5 2. exd5 Qxd5 3. Nc3 Qd8 4. Bc4 Nc6 5. Nf3 Nf6 6. O-O Bf5 7. d3 e6 8.
Bg5 Be7 9. Bb5 Qd6 10. Bxf6 Bxf6 11. Rb1 O-O 12. Ne4 Bxe4 13. dxe4 Qxd1 14.
Rfxd1 Ne5 15. Nxe5 Bxe5 16. Kf1 c6 17. Bd3 Rad8 18. f4 Bc7 19. e5 Rd4 20. g3 a6
21. Bxh7+ Kxh7 22. Rxd4 Bb6 23. Rbd1 Bxd4 24. Rxd4 b6 25. Rd6 Rc8 26. b4 Kg6 27.
g4 Kh7 28. h4 c5 29. c3 cxb4 30. cxb4 a5 31. Rxb6 axb4 32. Rxb4 Rc1+ 33. Kg2
Rc2+ 34. Kg1 Rc1+ 35. Kg2 Rc2+ {Game drawn by mutual agreement} 1/2-1/2

[Event "Team 45 45 League T43"]
[Site "Internet Chess Club"]
[Date "2009.11.20"]
[Round "4"]
[White "KidRattler"]
[Black "WhoHuhWhat"]
[Result "1/2-1/2"]
[WhiteElo "923"]
[BlackElo "1080"]
[Opening "Sicilian: dragon variation"]
[ECO "B70"]
[Time "13:00:14"]
[TimeControl "2700+45"]

1. e4 c5 2. Nf3 d6 3. d4 cxd4 4. Nxd4 Nf6 5. Nc3 g6 6. Bc4 Bg7 7. Be3 Nc6 8. Qd2
h6 9. Nxc6 bxc6 10. f3 Qa5 11. Be2 d5 12. e5 Ng8 13. Bd4 Be6 14. O-O-O Rc8 15.
a3 c5 16. Bf2 Bxe5 17. Rhe1 Bxc3 18. Qxc3 Qb6 19. Qxh8 f6 20. Qg7 Rb8 21. b3 d4
22. Qxg6+ Kf8 23. Bg3 Bxb3 24. Bxb8 Ba2 25. Kd2 Qa5+ 26. Kc1 Qxa3+ 27. Kd2 Qc3+
28. Kc1 Qa1+ 29. Kd2 Qc3+ 30. Kc1 Qa1+ 31. Kd2 Qc3+ 32. Kc1 Qa1+ 33. Kd2 Qc3+
34. Kc1 Qa1+ 35. Kd2 Qc3+ 36. Kc1 {Game drawn by repetition} 1/2-1/2

[Event "Team 45 45 League T43"]
[Site "Internet Chess Club"]
[Date "2009.11.23"]
[Round "4"]
[White "kingsrook"]
[Black "JimGaming"]
[Result "1-0"]
[WhiteElo "1342"]
[BlackElo "1288"]
[Opening "Queen's pawn: Yusupov-Rubinstein system"]
[ECO "A46"]
[Time "14:00:57"]
[TimeControl "2700+45"]

1. d4 Nf6 2. Nf3 e6 3. e3 c5 4. c3 b6 5. Nbd2 d5 6. Bd3 Ba6 7. Bxa6 Nxa6 8. Qe2
c4 9. e4 Be7 10. O-O Nc7 11. Ne5 Qd6 12. exd5 exd5 13. Ndf3 Ne4 14. Re1 O-O 15.
h3 Ne6 16. a4 a6 17. Nh2 f5 18. Qh5 N6g5 19. h4 Ne6 20. Nhf3 Rf6 21. Ng5 Rh6 22.
Qf7+ Kh8 23. Nxe6 Rxe6 24. Qxf5 Rf6 25. Nf7+ Rxf7 26. Qxf7 Qf6 27. Qxf6 Bxf6 28.
g3 Rf8 29. f3 Nxg3 30. Kg2 Nf5 31. Bg5 Nxh4+ 32. Bxh4 Bxh4 33. Re6 h6 34. Rxb6
Rf6 35. Rxf6 Bxf6 36. Re1 Bg5 37. Re2 Bf4 38. Kh3 g5 39. Kg4 Kg7 40. Kf5 Kf7 41.
a5 h5 42. Re6 h4 43. Rxa6 h3 44. Rh6 h2 45. Rh3 Bb8 46. a6 Ke7 47. Kxg5 Kd8 48.
f4 Ke7 49. f5 Kf7 50. Rh7+ Kg8 51. Kg6 {Black resigns} 1-0

[Event "Team 45 45 League T43"]
[Site "Internet Chess Club"]
[Date "2009.11.20"]
[Round "4"]
[White "bowwrestler"]
[Black "sere"]
[Result "0-1"]
[WhiteElo "1055"]
[BlackElo "1072"]
[Opening "Petrov's defense"]
[ECO "C42"]
[Time "10:59:12"]
[TimeControl "2700+45"]

1. e4 e5 2. Nf3 Nf6 3. Nxe5 d6 4. Nf3 Nxe4 5. Bd3 Bf5 6. Nc3 Nxc3 7. dxc3 Bxd3
8. cxd3 Be7 9. O-O O-O 10. Bf4 Nc6 11. Re1 Qd7 12. Re2 Rfe8 13. d4 Bf6 14. d5
Ne5 15. Nd4 Re7 16. Qd2 Rae8 17. Rae1 Qg4 18. f3 Qg6 19. b3 c5 20. Kf2 cxd4 21.
cxd4 Bh4+ 22. g3 Nd3+ 23. Kg2 Nxe1+ 24. Qxe1 Rxe2+ 25. Qxe2 Rxe2+ 26. Kf1 Rxa2
27. Bc1 Qb1 28. Ke1 Qxc1# {White checkmated} 0-1

[Event "Team 45 45 League T43"]
[Site "Internet Chess Club"]
[Date "2009.11.22"]
[Round "4"]
[White "Westman"]
[Black "Rookmaster"]
[Result "1-0"]
[WhiteElo "1732"]
[BlackElo "1822"]
[Opening "QGD: Chigorin defense"]
[ECO "D07"]
[Time "19:00:54"]
[TimeControl "2700+45"]

1. d4 d5 2. c4 Nc6 3. Nf3 Bg4 4. e3 Nf6 5. Nc3 e5 6. Be2 exd4 7. exd4 Bb4 8. O-O
Bxc3 9. bxc3 dxc4 10. Ba3 Qd5 11. Nd2 Bxe2 12. Qxe2+ Kd7 13. Qxc4 Qxc4 14. Nxc4
Rae8 15. Ne3 Re4 16. Rfd1 Rhe8 17. d5 Nb8 18. d6 Nc6 19. dxc7+ Kxc7 20. Nf5 Rd8
21. Nxg7 Rxd1+ 22. Rxd1 Nd5 23. Bb2 Re2 24. Rb1 Rc2 25. g3 Ne5 26. c4 Nxc4 27.
Bd4 Nd2 28. Rd1 Nf3+ 29. Kg2 Nxd4 30. Rxd4 Ne3+ 31. Kf3 Nc4 32. Ne8+ Kc6 33. Nf6
Nd2+ 34. Kg2 Rxa2 35. Nxh7 Kc5 36. Rd7 b5 37. Rc7+ Kb6 38. Rxf7 b4 39. Nf6 b3
40. Nd5+ Kc5 41. Nc3 Kb6 42. Rf4 a5 43. Nxa2 Kc5 44. Nc3 Nc4 45. h4 b2 46. h5 a4
47. Nxa4+ {Black resigns} 1-0

[Event "Team 45 45 League T43"]
[Site "Internet Chess Club"]
[Date "2009.11.19"]
[Round "4"]
[White "Timotheous"]
[Black "Bible-Believer"]
[Result "1-0"]
[WhiteElo "1626"]
[BlackElo "1537"]
[Opening "Réti opening"]
[ECO "A04"]
[Time "20:00:49"]
[TimeControl "2700+45"]

1. Nf3 g6 2. c4 Bg7 3. g3 c5 4. Bg2 d6 5. O-O Nc6 6. d3 e5 7. Nc3 Nge7 8. Bg5
O-O 9. Qd2 Bd7 10. Nd5 f6 11. Nxe7+ Qxe7 12. Be3 Nd4 13. Bxd4 exd4 14. Rfe1 Qf7
15. b4 a5 16. bxc5 dxc5 17. Nh4 Ra7 18. Rab1 Rb8 19. Rb6 f5 20. Bd5 {Black
resigns} 1-0

[Event "Team 45 45 League T43"]
[Site "Internet Chess Club"]
[Date "2009.11.21"]
[Round "4"]
[White "Dr-Checkmate"]
[Black "John3v16"]
[Result "1-0"]
[WhiteElo "1570"]
[BlackElo "1624"]
[Opening "Sicilian: Grand Prix attack"]
[ECO "B23"]
[Time "21:00:17"]
[TimeControl "2700+45"]

1. e4 c5 2. Nc3 Nc6 3. f4 e6 4. Nf3 d5 5. Bb5 Ne7 6. exd5 exd5 7. Qe2 a6 8.
Bxc6+ bxc6 9. O-O g6 10. Re1 Bg7 11. Na4 Ra7 12. Nxc5 Bg4 13. c3 d4 14. Qe4 Bxf3
15. Qxf3 O-O 16. Kh1 Qb6 17. Nd3 c5 18. Ne5 Qd6 19. d3 Qd5 20. c4 Qd6 21. Bd2 h5
22. Qh3 Nf5 23. Rab1 Rb7 24. b3 Re8 25. Nf3 Ne3 26. Bxe3 Rxe3 27. Qc8+ Kh7 28.
Qxb7 Qxf4 29. Rxe3 dxe3 30. Qe4 Qxe4 31. dxe4 Bc3 32. Rc1 Bd4 33. Nxd4 cxd4 34.
Kg1 Kg7 35. Kf1 Kf6 36. c5 Ke6 37. c6 {Black resigns} 1-0

[Event "Team 45 45 League T43"]
[Site "Internet Chess Club"]
[Date "2009.11.19"]
[Round "4"]
[White "dondel"]
[Black "rookmaster23"]
[Result "0-1"]
[WhiteElo "1320"]
[BlackElo "1365"]
[Opening "English: closed system"]
[ECO "A25"]
[Time "20:04:20"]
[TimeControl "2700+45"]

1. c4 e5 2. g3 Nc6 3. Bg2 g6 4. Nc3 Bg7 5. e4 d6 6. Nge2 Nge7 7. h3 Be6 8. b3
Qd7 9. d4 exd4 10. Nxd4 Nxd4 11. Be3 Nf3+ 12. Bxf3 Bxc3+ 13. Ke2 Bxa1 14. Qxa1
Rg8 15. g4 Nc6 16. Rd1 Ne5 17. c5 Nxf3 18. Kxf3 h5 19. Rg1 hxg4+ 20. hxg4 dxc5
21. Bxc5 O-O-O 22. Bxa7 Qd3+ 23. Kg2 Qxe4+ 24. Kf1 Bxg4 25. Qb2 Rd1# {White
checkmated} 0-1

[Event "Team 45 45 League T43"]
[Site "Internet Chess Club"]
[Date "2009.11.21"]
[Round "4"]
[White "fishhead"]
[Black "clarinetref"]
[Result "1-0"]
[WhiteElo "1960"]
[BlackElo "1615"]
[Opening "Sicilian: Najdorf, Göteborg (Argentine) variation"]
[ECO "B98"]
[Time "21:03:54"]
[TimeControl "2700+45"]

1. e4 c5 2. Nf3 d6 3. d4 cxd4 4. Nxd4 Nf6 5. Nc3 a6 6. Bg5 e6 7. f4 Be7 8. Qf3
h6 9. Bh4 g5 10. fxg5 Nfd7 11. Nxe6 fxe6 12. Qh5+ Kf8 13. Bc4 Bxg5 14. O-O+ Bf6
15. Bxe6 Qe8 16. Qxe8+ Kxe8 17. Bxd7+ Nxd7 18. Bxf6 Nxf6 19. Rxf6 Kd7 20. Nd5
Kc6 21. b4 Bg4 22. h3 Be2 23. Ne7+ Kd7 24. Nf5 Rad8 25. Rxd6+ Kc7 26. Rxh6 Rxh6
27. Nxh6 Rd4 28. Kf2 Bb5 29. Ke3 Rxb4 30. a4 Bc6 31. g4 Rxe4+ 32. Kd3 Rf4 33. h4
Bxa4 34. Re1 Bb5+ 35. Kc3 Kd7 36. Re5 Rf6 37. g5 Rf3+ 38. Kd4 Rf4+ 39. Re4 Rf2
40. c4 Bc6 41. Rg4 Bf3 42. Rf4 Rh2 43. Rxf3 Rxh4+ 44. Kc5 Rh5 45. Rg3 Kc7 46.
Kb4 b6 47. g6 a5+ 48. Kc3 b5 49. g7 b4+ 50. Kb3 Rxh6 51. g8=Q Rd6 52. Rg7+
{Black resigns} 1-0

[Event "Team 45 45 League T43"]
[Site "Internet Chess Club"]
[Date "2009.11.21"]
[Round "4"]
[White "tryanything"]
[Black "isolani"]
[Result "0-1"]
[WhiteElo "1585"]
[BlackElo "1614"]
[Opening "Alekhine's defense: four pawns attack"]
[ECO "B03"]
[Time "16:28:52"]
[TimeControl "2700+45"]

1. e4 Nf6 2. e5 Nd5 3. d4 d6 4. c4 Nb6 5. f4 dxe5 6. fxe5 Bf5 7. Nf3 e6 8. Nc3
Nc6 9. a3 Be7 10. Be2 O-O 11. O-O Bg4 12. Be3 Qd7 13. Qe1 Na5 14. Qg3 Bf5 15.
Nh4 Bxh4 16. Qxh4 Nbxc4 17. Qg3 Nxe3 18. Qxe3 Nb3 19. Rae1 Qxd4 20. Qxd4 Nxd4
21. Rd1 Nxe2+ 22. Nxe2 Bg4 23. Rd2 Bxe2 24. Rxe2 Rad8 {White resigns} 0-1

[Event "Team 45 45 League T43"]
[Site "Internet Chess Club"]
[Date "2009.11.19"]
[Round "4"]
[White "joshtournman"]
[Black "tightfist"]
[Result "1-0"]
[WhiteElo "1474"]
[BlackElo "1419"]
[Opening "French defense"]
[ECO "C01"]
[Time "19:17:08"]
[TimeControl "2700+45"]

1. d4 e6 2. e4 b6 3. Nf3 d6 4. Bd3 Bb7 5. Nc3 c5 6. Bb5+ Nd7 7. d5 a6 8. Bxd7+
Qxd7 9. dxe6 fxe6 10. O-O Nf6 11. e5 Nd5 12. Nxd5 Bxd5 13. Bf4 Be7 14. exd6 Bxd6
15. Bxd6 Qxd6 16. c4 O-O-O 17. cxd5 exd5 18. Rc1 Kb7 19. Re1 h5 20. Ne5 Qf6 21.
Qf3 Qxf3 22. Nxf3 Rd7 23. Ne5 Rc7 24. Ng6 Rd8 25. Re7 d4 26. Rxc7+ Kxc7 27. Nf4
Kd6 28. Nxh5 Rd7 29. Kf1 Rf7 30. Ng3 Kd5 31. Ke2 a5 32. b3 b5 33. f3 g5 34. Ne4
g4 35. Rxc5+ Ke6 36. Ng5+ Kd6 37. Nxf7+ Kxc5 38. fxg4 Kd5 39. g5 Ke6 40. g6 Kf6
41. Kd3 Kxg6 42. Nd6 a4 43. Nxb5 axb3 44. axb3 Kf5 45. Nxd4+ Ke5 46. b4 Kd5 47.
h4 Ke5 48. b5 {Black resigns} 1-0

[Event "Team 45 45 League T43"]
[Site "Internet Chess Club"]
[Date "2009.11.22"]
[Round "4"]
[White "Aquaman"]
[Black "arconia"]
[Result "0-1"]
[WhiteElo "1312"]
[BlackElo "1334"]
[Opening "Queen's Indian defense"]
[ECO "A47"]
[Time "16:00:25"]
[TimeControl "2700+45"]

1. d4 Nf6 2. Nf3 b6 3. e3 e6 4. Bd3 Bb7 5. O-O c5 6. Nbd2 cxd4 7. exd4 Be7 8. b3
Qc7 9. Bb2 Qc6 10. Qe2 O-O 11. Rac1 Nd5 12. Be4 f5 13. Bd3 Nf4 14. Qe3 Bg5 15.
Qe1 Ng6 16. Rb1 Re8 17. Bxf5 Bxd2 18. Bxe6+ dxe6 19. Qxd2 Nd7 20. Qc3 Qxc3 21.
Bxc3 Rac8 22. Bb2 Bxf3 23. gxf3 Rxc2 24. Rfc1 Re2 25. Kf1 Nf4 26. a4 e5 27. Rc7
Nf8 28. dxe5 N8e6 29. Rc4 Rf8 30. Ba3 Rf5 31. Bd6 Rh5 32. Rxf4 Nxf4 33. Rc1 Rxh2
34. Rc8+ Kf7 35. Rc7+ Kg6 36. e6 Rh1# {White checkmated} 0-1

[Event "Team 45 45 League T43"]
[Site "Internet Chess Club"]
[Date "2009.11.20"]
[Round "4"]
[White "John3v16"]
[Black "mongmong"]
[Result "1-0"]
[WhiteElo "1644"]
[BlackElo "1518"]
[Opening "Nimzo-Indian: classical variation"]
[ECO "E32"]
[Time "21:32:35"]
[TimeControl "2700+45"]

1. d4 e6 2. c4 Nf6 3. Nc3 Bb4 4. Qc2 O-O 5. Nf3 b6 6. a3 Bxc3+ 7. Qxc3 Bb7 8. g3
d6 9. Bg2 Nbd7 10. O-O c5 11. dxc5 dxc5 12. Bf4 Qe7 13. Rad1 Rfd8 14. Bc7 Rdc8
15. Bd6 Qe8 16. Nd2 Bxg2 17. Kxg2 Rc6 18. Bf4 Rcc8 19. Nf3 Rd8 20. Rfe1 Nf8 21.
Qc2 Qc6 22. Kg1 Ng6 23. Bg5 Rxd1 24. Rxd1 Ne8 25. Qd3 f6 26. Bc1 Ne7 27. e4 e5
28. Nh4 Nc8 29. Nf5 g6 30. Nh6+ Kf8 31. Qd7 Qxd7 32. Rxd7 Ne7 33. f4 exf4 34.
Bxf4 Ng7 35. Bd6 Re8 36. Rxa7 Ne6 37. Rb7 Nd4 38. Rxb6 Nf3+ 39. Kg2 Nd2 40. Bxc5
Kg7 41. Ng4 Nxc4 42. Rb7 Kf7 43. Ne3 Nxe3+ 44. Bxe3 Ke6 45. b4 h5 46. b5 Ra8 47.
Bc5 Ng8 48. Rg7 g5 49. b6 {Black resigns} 1-0

[Event "Team 45 45 League T43"]
[Site "Internet Chess Club"]
[Date "2009.11.21"]
[Round "4"]
[White "oldprez"]
[Black "chesskix"]
[Result "1-0"]
[WhiteElo "1406"]
[BlackElo "1390"]
[Opening "Caro-Kann: advance variation"]
[ECO "B12"]
[Time "13:02:40"]
[TimeControl "2700+45"]

1. e4 c6 2. d4 d5 3. e5 Bf5 4. Bd3 Bxd3 5. Qxd3 e6 6. Nf3 Be7 7. O-O Nd7 8. Nc3
Nb6 9. b3 h6 10. Bd2 Nd7 11. Rfe1 b5 12. Ne2 g5 13. Kh1 Qc7 14. Ng3 O-O-O 15. a4
b4 16. c4 a5 17. cxd5 exd5 18. Qa6+ Kb8 19. Rac1 Rc8 20. Nf5 Qa7 21. Rxc6 Qxa6
22. Rxa6 Bd8 23. Nd6 Ne7 24. Nxc8 Nxc8 25. Rc6 Kb7 26. Rec1 Bb6 27. Be3 Nb8 28.
Rf6 Rh7 29. Nxg5 hxg5 30. Bxg5 Bxd4 31. Be3 Bxe5 32. Rf5 Nc6 33. g3 N8e7 34. Rf3
f6 35. Bc5 d4 36. Bxe7 Rxe7 37. Rd3 Bc7 38. Rc5 Re1+ 39. Kg2 Re5 40. Rxe5 fxe5
41. h4 e4 42. Rd1 Bb6 43. h5 Ne5 44. h6 d3 45. h7 Ng6 46. f3 e3 47. h8=Q Nxh8
48. Rxd3 e2 49. Rd7+ Ka6 50. Re7 Nf7 51. Rxe2 Nd6 52. g4 Nf7 53. f4 Nh8 54. f5
Bd4 55. Re6+ Kb7 56. Kf3 Kc7 57. Ke4 Bc3 58. g5 Kd7 59. Ra6 Nf7 60. g6 Nd6+ 61.
Kf4 Ne8 62. Rxa5 Ke7 63. Ra6 Nf6 64. Ra7+ Kd6 65. Ra6+ Kc5 66. Ra8 Nd5+ 67. Kg5
Bf6+ 68. Kh6 Ne7 69. g7 Nxf5+ 70. Kg6 Bxg7 71. Kxf5 Bc3 72. Rb8 Kc6 73. a5 Kc7
74. Rb5 Kc6 75. a6 Kc7 76. a7 {Black resigns} 1-0

[Event "Team 45 45 League T43"]
[Site "Internet Chess Club"]
[Date "2009.11.21"]
[Round "4"]
[White "farbror"]
[Black "Skylab"]
[Result "1-0"]
[WhiteElo "1230"]
[BlackElo "1335"]
[Opening "Queen's pawn game"]
[ECO "D04"]
[Time "15:30:22"]
[TimeControl "2700+45"]

1. d4 Nf6 2. Nf3 d5 3. e3 c5 4. c3 cxd4 5. exd4 e6 6. Bd3 Bd6 7. O-O O-O 8. Re1
Re8 9. Nbd2 Nbd7 10. Ne5 Qc7 11. Ndf3 h6 12. Qc2 b6 13. Bf4 Bb7 14. Re3 Ne4 15.
g3 g5 16. Bxg5 Nxg5 17. Nxg5 hxg5 18. Bh7+ Kf8 19. Nxf7 Kxf7 20. Qg6+ Ke7 21.
Rxe6+ Kd8 22. Qxe8# {Black checkmated} 1-0

[Event "Team 45 45 League T43"]
[Site "Internet Chess Club"]
[Date "2009.11.21"]
[Round "4"]
[White "radiohead"]
[Black "rayspokemon"]
[Result "0-1"]
[WhiteElo "1363"]
[BlackElo "1397"]
[Opening "QGD Slav: 4.Nc3"]
[ECO "D15"]
[Time "09:00:30"]
[TimeControl "2700+45"]

1. d4 d5 2. c4 c6 3. Nf3 Nf6 4. Nc3 Bf5 5. Qb3 e6 6. cxd5 cxd5 7. Qxb7 Nbd7 8.
Qb3 Bd6 9. e3 O-O 10. Qd1 Ne4 11. Bd3 Nxc3 12. bxc3 Bxd3 13. Qxd3 Nf6 14. O-O
Ne4 15. Nd2 Nxd2 16. Bxd2 Qh4 17. g3 Qf6 18. f3 Rfc8 19. e4 dxe4 20. Qxe4 e5 21.
f4 exf4 22. Bxf4 Re8 23. Qc2 Qe6 24. Rae1 Qd5 25. Bxd6 Qxd6 26. Qb3 Qg6 27.
Rxe8+ Rxe8 28. Qb7 Qe6 29. Qf3 Rf8 30. a3 Qb3 31. d5 Qxa3 32. c4 Qc5+ 33. Kg2
Qxc4 34. d6 Qc5 35. d7 Qd6 36. Rd1 Qc7 37. Qd5 Rd8 38. Qd6 Qxd6 39. Rxd6 Kf8 40.
Kf3 Ke7 41. Rd2 Rxd7 42. Re2+ Kf6 43. Re3 a5 44. Ra3 Ra7 45. Ra4 Ra6 46. Ke3 g5
47. Ke4 h5 48. Kd5 Ke7 49. Kc5 Kd7 50. Kb5 Ra8 51. Rxa5 Rxa5+ 52. Kxa5 Kd6 53.
Kb4 Kd5 54. Kc3 f5 55. Kd3 f4 56. gxf4 gxf4 57. Ke2 Ke4 58. Kf2 f3 59. h4 Kf4
60. Kf1 Ke3 61. Ke1 Kf4 62. Kf2 Kg4 63. Ke1 Kxh4 64. Kf2 Kg4 65. Kf1 Kg3 {White
resigns} 0-1

[Event "Team 45 45 League T43"]
[Site "Internet Chess Club"]
[Date "2009.11.22"]
[Round "4"]
[White "andrew0311"]
[Black "MikeA"]
[Result "0-1"]
[WhiteElo "1401"]
[BlackElo "1459"]
[Opening "Sicilian: Pelikan (Lasker/Sveshnikov) variation"]
[ECO "B33"]
[Time "19:11:49"]
[TimeControl "2700+45"]

1. e4 c5 2. Nf3 Nc6 3. d4 cxd4 4. Nxd4 Nf6 5. Nc3 e5 6. Nf3 Bb4 7. Bd2 O-O 8.
Bd3 d5 9. exd5 Bxc3 10. Bxc3 Qxd5 11. Be2 Bf5 12. Qxd5 Nxd5 13. Nxe5 Nxe5 14.
Bxe5 Bxc2 15. Rc1 Rfe8 16. Bxg7 Bd3 17. Bh6 Rxe2+ 18. Kd1 Rxf2 19. Rc3 Nxc3+ 20.
bxc3 Re8 21. g3 Ree2 22. h3 Rxa2 23. Bc1 Bc2+ 24. Ke1 Ba4 25. Rh2 Rxh2 26. Bd2
Ra1+ 27. Bc1 Rxc1# {White checkmated} 0-1

[Event "Team 45 45 League T43"]
[Site "Internet Chess Club"]
[Date "2009.11.19"]
[Round "4"]
[White "lawth3"]
[Black "mmf00"]
[Result "1-0"]
[WhiteElo "1119"]
[BlackElo "1406"]
[Opening "Scotch: Schmidt variation"]
[ECO "C45"]
[Time "19:30:16"]
[TimeControl "2700+45"]

1. e4 e5 2. Nf3 Nc6 3. d4 exd4 4. Nxd4 Nf6 5. Nc3 Bc5 6. Be3 d6 7. Nxc6 bxc6 8.
Bxc5 dxc5 9. Qxd8+ Kxd8 10. O-O-O+ Ke7 11. h3 Be6 12. a3 Rhd8 13. Rxd8 Rxd8 14.
f3 h6 15. b3 Rd4 16. Ba6 Kd7 17. Rd1 Rxd1+ 18. Kxd1 Kd6 19. Kd2 Nh5 20. Na4 Nf6
21. Ke3 Nd7 22. f4 Nb6 23. e5+ Ke7 24. Nxc5 Bd5 25. g4 Bg2 26. c4 Bxh3 27. Kf3
g6 28. Kg3 Bf1 29. Bb7 h5 30. Bxc6 Be2 31. g5 Bg4 32. Na6 Kd8 33. c5 Nc8 34. Bd5
Be6 35. Bxe6 fxe6 36. Nb4 Ne7 37. Nd3 c6 38. Nc1 Nd5 39. b4 Kc7 40. Ne2 Kb7 41.
Nd4 Nc7 42. a4 a6 43. Nf3 Kc8 44. Nh4 Kd7 45. Nxg6 Ne8 46. Nh4 Ng7 47. Kh3 Ke7
48. Nf3 Kd8 49. Ng1 Ke7 50. Ne2 Kd8 51. Nd4 Kd7 52. Kh4 Kc7 53. g6 Kd7 54. f5
exf5 55. Kg5 Kc7 56. Nxf5 Nxf5 57. Kxf5 h4 58. Kg4 Kd7 59. g7 Ke6 60. g8=Q+ Kxe5
61. Kxh4 Kd4 62. Qc8 Kd5 63. Qxa6 Kd4 64. Qxc6 Kc4 65. Qb5+ Kd5 66. c6+ Kd6 67.
Qc5+ Kc7 68. b5 Kd8 69. b6 Ke8 70. b7 Kf7 71. b8=Q Ke6 72. Qbd6+ Kf7 73. Qa7+
Ke8 74. Qdb8# {Black checkmated} 1-0

[Event "Team 45 45 League T43"]
[Site "Internet Chess Club"]
[Date "2009.11.23"]
[Round "4"]
[White "cityprosecutor"]
[Black "tsia68"]
[Result "1-0"]
[WhiteElo "1719"]
[BlackElo "1876"]
[Opening "Pirc: classical, h3 system"]
[ECO "B08"]
[Time "17:01:15"]
[TimeControl "2700+45"]

1. e4 d6 2. d4 Nf6 3. Nc3 g6 4. Nf3 Bg7 5. h3 O-O 6. Be3 c6 7. a4 Nbd7 8. Be2 e5
9. dxe5 dxe5 10. Nd2 Qc7 11. Nc4 Ne8 12. h4 f5 13. exf5 gxf5 14. g3 Ndf6 15. Qc1
Be6 16. Bh6 Rf7 17. Bg5 Nd5 18. h5 Nxc3 19. bxc3 Bd5 20. O-O f4 21. Bh4 f3 22.
Bd3 e4 23. h6 Bxc3 24. Qg5+ Kh8 25. Bxe4 Bxe4 26. Ra3 Bd4 27. Rd1 Bf6 28. Qg4
Bxh4 29. Qxe4 Bf6 30. Re3 Re7 31. Qf5 Rd8 32. Rde1 Rxe3 33. Rxe3 Qf7 34. Ne5
Rd1+ 35. Kh2 Qf8 36. Ng4 Rd6 37. Rxe8 Qxe8 38. Nxf6 Qf8 39. Qxh7# {Black
checkmated} 1-0

[Event "Team 45 45 League T43"]
[Site "Internet Chess Club"]
[Date "2009.11.21"]
[Round "4"]
[White "VietLion"]
[Black "chess9793"]
[Result "0-1"]
[WhiteElo "1915"]
[BlackElo "1866"]
[Opening "Sicilian: accelerated fianchetto, Maróczy bind"]
[ECO "B36"]
[Time "11:30:52"]
[TimeControl "2700+45"]

1. e4 c5 2. Nf3 Nc6 3. d4 cxd4 4. Nxd4 g6 5. c4 Nf6 6. Nc3 d6 7. Nc2 Bg7 8. Be2
O-O 9. O-O Nd7 10. Bd2 a5 11. Na3 Nc5 12. Nab5 Be6 13. Be3 b6 14. Rc1 Na7 15.
Bd4 Nxb5 16. Bxg7 Kxg7 17. Nxb5 Rc8 18. Qd4+ Kg8 19. h4 Bd7 20. h5 Ne6 21. Qd2
Rc5 22. f4 Bc6 23. f5 Ng7 24. Rf4 g5 25. Rg4 h6 26. Rc3 f6 27. Nd4 Be8 28. Rgg3
Kh7 29. a3 a4 30. Qc2 Qc8 31. b4 axb3 32. Qxb3 Bxh5 33. Bxh5 Nxh5 34. Rg4 Ng7
35. Qc2 Rh8 36. Nb3 Re5 37. Qe2 Qa8 38. Nd4 h5 39. Rgg3 Qxe4 40. Qxe4 Rxe4 41.
Rgd3 Rc8 42. g3 d5 43. Kf2 dxc4 44. Rd1 Rc5 45. Kf3 Ree5 46. Rh1 Nxf5 47. Ne2
Kg6 48. Rhc1 b5 49. R1c2 Rxe2 50. Kxe2 Nd4+ 51. Ke3 Nxc2+ 52. Rxc2 e5 53. Rd2 c3
54. Rc2 Kf5 55. Kf3 e4+ 56. Ke3 Rc4 57. Kf2 Kg4 58. Kg2 e3 59. Kf1 Kxg3 60. Ke2
Kf4 61. Kd3 h4 62. a4 Rxa4 63. Rxc3 Re4 64. Ke2 b4 65. Rc6 f5 66. Rb6 h3 67. Rh6
g4 68. Rb6 h2 69. Rh6 Kg3 70. Kf1 e2+ 71. Ke1 Kg2 {White resigns} 0-1

[Event "Team 45 45 League T43"]
[Site "Internet Chess Club"]
[Date "2009.11.19"]
[Round "4"]
[White "ChessicalZ"]
[Black "PJ"]
[Result "1-0"]
[WhiteElo "1766"]
[BlackElo "1744"]
[Opening "English: ultra-symmetrical variation"]
[ECO "A36"]
[Time "12:00:16"]
[TimeControl "2700+45"]

1. c4 c5 2. g3 g6 3. Bg2 Bg7 4. Nc3 Nc6 5. Rb1 e6 6. a3 Nf6 7. e4 d6 8. d3 O-O
9. Nge2 Nd7 10. O-O Ndb8 11. Be3 Nd4 12. b4 Nbc6 13. Qd2 Rb8 14. bxc5 dxc5 15.
Bf4 Be5 16. Bh6 Re8 17. f4 Nxe2+ 18. Nxe2 Bd4+ 19. Nxd4 Qxd4+ 20. Kh1 Rd8 21. e5
Na5 22. Qxa5 a6 23. Qc7 {Black resigns} 1-0

[Event "Team 45 45 League T43"]
[Site "Internet Chess Club"]
[Date "2009.11.22"]
[Round "4"]
[White "Kurukshetra"]
[Black "Salvatore"]
[Result "1-0"]
[WhiteElo "1701"]
[BlackElo "1654"]
[Opening "Sicilian defense"]
[ECO "B30"]
[Time "15:01:11"]
[TimeControl "2700+45"]

1. e4 c5 2. Nf3 Nc6 3. d3 Nf6 4. g3 d6 5. Bg2 Bg4 6. h3 Bh5 7. O-O e5 8. c3 Be7
9. Nbd2 O-O 10. Qb3 Na5 11. Qa4 a6 12. b4 cxb4 13. cxb4 Nc6 14. a3 b5 15. Qb3
Rc8 16. Bb2 d5 17. exd5 Nxd5 18. Nxe5 Nxe5 19. Bxe5 Nb6 20. Bb7 Ra8 21. Bxa8
Qxa8 22. Rac1 Rc8 23. Qb2 f6 24. Bf4 Bf7 25. Rfe1 Bf8 26. Ne4 Nd5 27. Bd6 h6 28.
Bxf8 Rxf8 29. Rc5 Rd8 30. Rec1 f5 31. Nd6 Be6 32. Qe5 Bf7 33. Nxf7 Kxf7 34. Rc7+
Nxc7 35. Rxc7+ Kg6 36. Rxg7+ {Black resigns} 1-0

[Event "Team 45 45 League T43"]
[Site "Internet Chess Club"]
[Date "2009.11.22"]
[Round "4"]
[White "MiamiMan"]
[Black "Ianjo"]
[Result "1/2-1/2"]
[WhiteElo "1773"]
[BlackElo "1920"]
[Opening "Scotch: Schmidt variation"]
[ECO "C45"]
[Time "15:00:01"]
[TimeControl "2700+45"]

1. e4 e5 2. Nf3 Nc6 3. d4 exd4 4. Nxd4 Nf6 5. Nc3 Bc5 6. Be3 Nxd4 7. Bxd4 Bxd4
8. Qxd4 O-O 9. Bd3 d6 10. O-O Bd7 11. Nd5 Nxd5 12. exd5 Qg5 13. f4 Qh5 14. Rf3
Bf5 15. Rg3 f6 16. Re1 Rae8 17. Rge3 Bxd3 18. Qxd3 Rxe3 19. Rxe3 Re8 {Game drawn
by mutual agreement} 1/2-1/2